Map: Frozen Temple

Players

Wrecks

  • Race: Protoss Protoss
  • Spawn Location: 11:00

Fropez - Winner!

  • Race: Protoss Protoss
  • League: Silver
  • Spawn Location: 5:00

VOD

Have the link to the VOD?

Description

Time

  • Played on: May 18, 2016, 12:08 p.m.
  • Length: 8:35
Show
View Real Time Build Order
Export as new Build Order

Wrecks Protoss 

Build Orders: 1 Gate Expand 

Get SALT Encoding   

  12  0:01  Probe (Chrono Boost)  
  13  0:12  Probe (Chrono Boost)  
  14  0:19  Pylon  
  14  0:22  Probe (Chrono Boost)  
  15  0:37  Probe (Chrono Boost)  
  15  0:38  Gateway  
  16  0:44  Assimilator  
  16  0:48  Probe (Chrono Boost)  
  17  0:58  Probe (Chrono Boost)  
  18  1:09  Probe (Chrono Boost)  
  19  1:26  Nexus  
  19  1:40  Cybernetics Core  
  19  1:42  Probe (Chrono Boost)  
  20  1:52  Zealot  
  22  1:57  Pylon  
  22  1:58  Probe (Chrono Boost)  
  23  2:15  Probe (Chrono Boost)  
  24  2:16  Assimilator  
  24  2:18  Warp Gate (Chrono Boost)  
  24  2:19  Adept  
  26  2:25  Pylon  
  26  2:27  Probe (Chrono Boost)  
  27  2:40  Probe (Chrono Boost)  
  28  2:50  Probe (Chrono Boost)  
  29  2:53  Probe (Chrono Boost)  
  30  2:59  Gateway  
  30  3:01  Probe (Chrono Boost)  
  30  3:03  Probe (Chrono Boost)  
  30  3:05  Adept (Chrono Boost)  
  34  3:19  Probe  
  34  3:20  Probe  
  36  3:30  Stalker (Chrono Boost)  
  36  3:32  Probe x2  
  40  3:44  Probe  
  34  4:19  Probe  
  34  4:21  Probe  
  32  4:26  Stalker  
  32  4:27  Stalker  
  31  4:47  Probe  
  31  4:48  Probe  
  33  4:54  Stalker x2  
  33  4:59  Gateway  
  37  5:03  Gateway  
  37  5:06  Probe, Robotics Facility  
  37  5:07  Probe  
  39  5:16  Probe  
  39  5:19  Probe, Stalker x2  
  45  5:27  Probe  
  45  5:31  Probe  
  42  5:47  Zealot x2  
  41  5:52  Probe  
  41  5:54  Probe  
  36  6:07  Stalker x2  
  38  6:23  Probe  
  38  6:25  Probe  
  38  6:34  Probe  
  38  6:37  Probe, Stalker x2  
  44  6:44  Probe, Assimilator  
  44  6:46  Assimilator  
  45  6:49  Probe  
  46  6:55  Probe  
  47  7:01  Probe  
  47  7:04  Zealot x3  
  54  7:19  Pylon  
  54  7:24  Nexus  
  54  7:35  Pylon  
  54  7:37  Probe x2 (Chrono Boost)  
  54  7:38  Observer  
  57  7:45  Sentry  
  57  7:46  Sentry  
  57  7:48  Probe (Chrono Boost)  
  62  7:53  Probe (Chrono Boost)  
  63  7:59  Probe (Chrono Boost)  
  64  8:10  Probe (Chrono Boost)  
  64  8:12  Probe (Chrono Boost)  
  60  8:21  Probe (Chrono Boost)  
  60  8:22  Pylon, Probe (Chrono Boost)  
  60  8:24  Pylon  
  60  8:25  Stalker x3  
  60  8:26  Stalker  
  59  8:27  Pylon  
Show
View Real Time Build Order
Export as new Build Order

Fropez Protoss - Winner!

Build Orders:  

Get SALT Encoding   

  12  0:01  Probe (Chrono Boost)  
  13  0:16  Pylon  
  13  0:19  Probe (Chrono Boost)  
  14  0:34  Probe (Chrono Boost)  
  15  0:43  Gateway  
  15  0:47  Probe (Chrono Boost)  
  16  0:57  Probe (Chrono Boost)  
  16  0:58  Pylon  
  16  1:03  Assimilator  
  17  1:08  Probe (Chrono Boost)  
  18  1:15  Gateway  
  18  1:18  Probe (Chrono Boost)  
  18  1:25  Pylon  
  19  1:29  Probe (Chrono Boost)  
  21  1:40  Probe (Chrono Boost)  
  21  1:50  Probe (Chrono Boost), Cybernetics Core  
  22  1:59  Assimilator  
  22  2:01  Probe (Chrono Boost)  
  23  2:11  Probe (Chrono Boost)  
  23  2:12  Gateway  
  24  2:22  Probe (Chrono Boost)  
  25  2:28  Adept  
  25  2:29  Adept  
  29  2:33  Probe (Chrono Boost)  
  30  2:43  Probe (Chrono Boost)  
  31  2:46  Gateway  
  31  2:49  Warp Gate (Chrono Boost)  
  31  2:54  Probe  
  31  2:57  Adept  
  34  3:02  Adept  
  36  3:08  Adept  
  36  3:12  Probe  
  39  3:25  Twilight Council  
  39  3:35  Pylon  
  35  4:01  Adept  
  37  4:03  Adept  
  37  4:05  Adept  
  37  4:06  Adept  
  37  4:07  Probe  
  44  4:19  Probe  
  45  4:31  Probe  
  46  4:55  Blink (Chrono Boost)  
  46  5:04  Probe  
  47  6:03  Probe  
  46  6:08  Pylon  
  46  6:10  Pylon  
  44  6:12  Nexus  
  44  6:14  Assimilator  
  44  6:15  Probe  
  44  6:17  Assimilator  
  43  6:20  Adept x2, Pylon  
  43  6:21  Adept  
  43  6:24  Pylon  
  43  6:44  Gateway  
  43  6:47  Pylon  
  43  6:48  Probe  
  43  6:51  Adept x3  
  43  6:52  Adept  
  52  7:00  Probe  
  53  7:12  Probe  
  54  7:22  Nexus  
  54  7:24  Probe  
  54  7:25  Adept x2, Assimilator  
  54  7:29  Assimilator  
  59  7:34  Adept, Pylon  
  59  7:35  Probe  
  59  7:36  Pylon, Probe  
  62  7:43  Adept  
  65  7:47  Pylon, Probe  
  65  7:48  Adept, Probe  
  69  7:56  Pylon  
  69  8:31  Adept x5  
Tags
 
League
Silver
Matchup
PvP
Replay Pack
All Mines
Spawn Locations
Cross Positions
Add a new tag
Caveats
  • Supply blocks, unpowered buildings, or Contaminate may cause inaccurate times.
  • Supply counts are checked every 10 seconds.